 Dungeon Crawl Stone Soup version 0.14-a0-102-g2341383 (console) character file.

208 Kellhus the Ruinous (level 4, 0/22 HPs)
             Began as a Gargoyle Wizard on Oct 2, 2013.
             Slain by a hobgoblin
             ... wielding a +0,+0 scythe
              (11 damage)
             ... on Level 3 of the Dungeon.
             The game lasted 00:02:50 (2211 turns).

Kellhus the Ruinous (Gargoyle Wizard)               Turns: 2211, Time: 00:02:50

HP   0/22        AC  7     Str 10      XL: 4   Next: 75%
MP   1/11        EV 11     Int 20      God:
Gold 107         SH  0     Dex  8      Spells:  1 memorised,  8 levels left

Res.Fire  : . . .   See Invis. : .   h - +0,+2 whip (elec)
Res.Cold  : . . .   Warding    : .   a - +0 robe
Life Prot.: + . .   Conserve   : .   (no shield)
Res.Poison: +       Res.Corr.  : .   o - +0 visored helmet
Res.Elec. : +       Clarity    : .   (no cloak)
Sust.Abil.: . .     Spirit.Shd : .   (no gloves)
Res.Mut.  : .       Stasis     : .   e - +0 pair of boots
Res.Rott. : +       Flight     : .   (no amulet)
Saprovore : . . .                    (no ring)
                                     x - ring of invisibility

@: slightly resistant to hostile enchantments, unstealthy
A: fangs 1, talons 2, life protection 1, electricity resistance, slow metabolism
1, unbreathing, petrification resistance, AC +3
a: Evoke Invisibility


You were on level 3 of the Dungeon.
You were hungry.

You visited 1 branch of the dungeon, and saw 3 of its levels.

You collected 87 gold pieces.

Inventory:

Hand weapons
 h - a +0,+2 whip of electrocution (weapon)
 y - a +1,+2 falchion of protection
Armour
 a - a +0 robe (worn)
 b - a +0 wizard hat
 e - a +0 pair of boots (worn)
 o - a +0 visored helmet (worn)
Comestibles
 d - 3 bread rations
 u - a meat ration
Scrolls
 f - 2 scrolls of fog {unknown}
 r - a scroll of identify {unknown}
 s - a scroll of random uselessness {unknown}
 t - 2 scrolls of curse weapon {unknown}
Jewellery
 k - an uncursed amulet of resist mutation {unknown}
 v - an uncursed amulet of resist corrosion {unknown}
 x - a ring of invisibility (left hand)
Potions
 g - a potion of magic {unknown}
 i - 2 potions of curing {unknown}
 j - a potion of experience {unknown}
 l - a potion of beneficial mutation {unknown}
 m - a potion of invisibility {unknown}
 n - a potion of paralysis {unknown}
 p - a potion of heal wounds {unknown}
 q - a potion of brilliance {unknown}
 w - a potion of berserk rage {unknown}
 z - a potion of poison {unknown}
 A - a potion of speed {unknown}
Books
 c - a book of Minor Magic

   Spells                             Type                      Level
   *Magic Dart                        Conjuration                  1
   Blink                              Translocation                2
   Call Imp                           Summoning                    2
   Repel Missiles                     Charms/Air                   2
   Slow                               Hexes                        2
   Conjure Flame                      Conjuration/Fire             3
   Mephitic Cloud                     Conjuration/Poison/Air       3


   Skills:
 - Level 1.5 Dodging
 - Level 2.1 Stealth
 - Level 3.0 Spellcasting
 + Level 4.8 Conjurations
   Level 0.8 Summonings
   Level 0.8 Translocations


You had 8 spell levels left.
You knew the following spells:

 Your Spells              Type           Power        Failure   Level  Hunger
a - Magic Dart            Conj           ###.         1%          1    None


Dungeon Overview and Level Annotations

Branches:
Dungeon (3/27)

Altars:
Okawaru
Xom


Innate Abilities, Weirdness & Mutations

You are resistant to torment.
You are immune to poison.
Your stone body is very resilient (AC +3).
You have very sharp teeth.
You have razor-sharp toenails.
You resist negative energy.
You are resistant to electric shocks.
You have a slow metabolism.
You can survive without breathing.
You are immune to petrification.


Message History

Aiming: Magic Dart
Press: ? - help, Shift-Dir - straight line, f/p - hobgoblin
Aim: a hobgoblin, wielding a scythe and wearing a robe (heavily wounded)
The magic dart hits the hobgoblin.
The hobgoblin is heavily wounded.
Casting: Magic Dart
Confirm with . or Enter, or press ? or * to list all spells.
Aiming: Magic Dart
Press: ? - help, Shift-Dir - straight line, f/p - hobgoblin
Aim: a hobgoblin, wielding a scythe and wearing a robe (heavily wounded)
The magic dart hits the hobgoblin.
The hobgoblin is severely wounded.
The hobgoblin hits you from afar with a scythe.
The hobgoblin closely misses you.
The hobgoblin hits you from afar with a scythe.
You hit the hobgoblin but do no damage.
There is a sudden explosion of sparks!
You kill the hobgoblin!
The hobgoblin hits you with a scythe!
Ouch! That really hurt!
You die...

#.#..#.).).#......
####.#.##)._..##.....
#.......#.)...#.....#
#.##...............##
####..#...###...#+##
#..#.......#...##.#
#gg'..#.#.....###.#
#g.......#####.###
##@g#.###.##.......
#.###..........%...
#.#######.##.#...#.
#.........##.##..#.
############.##....
#.##.##. #.##.##.
#.##.##. #####.....(.


You could see 2 hobgoblins.

Vanquished Creatures
  3 adders (D:2)
  An inept item mimic (D:3)
  2 worms
  3 giant geckos (D:2)
  3 giant cockroaches
  8 hobgoblins
  9 kobolds
  A quokka (D:2)
  8 bats
  A giant newt (D:2)
  3 goblins
  9 rats
51 creatures vanquished.

Notes
Turn   | Place    | Note
--------------------------------------------------------------
     0 | D:1      | Kellhus, the Gargoyle Wizard, began the quest for the Orb.
     0 | D:1      | Reached XP level 1. HP: 8/8 MP: 5/5
   345 | D:1      | Reached XP level 2. HP: 9/13 MP: 2/7
   878 | D:2      | Reached XP level 3. HP: 13/17 MP: 6/9
  1473 | D:2      | Reached skill level 4 in Conjurations
  1473 | D:2      | Reached XP level 4. HP: 20/22 MP: 2/11
  1835 | D:3      | Found a shimmering altar of Xom.
  1836 | D:3      | Found a shimmering altar of Xom.
  1837 | D:3      | Found a shimmering altar of Xom.
  1837 | D:3      | Found a shimmering altar of Xom.
  1945 | D:3      | Found a shimmering altar of Xom.
  2092 | D:3      | Found an iron altar of Okawaru.
  2211 | D:3      | Slain by a hobgoblin

Action                   |  1- 3 |  4- 6 || total
-------------------------+-------+-------++-------
Melee: Unarmed           |     7 |       ||     7
       Whip              |     3 |     2 ||     5
 Cast: Magic Dart        |    78 |    59 ||   137
